 Dungeon Crawl Stone Soup version 0.23-a0-899-gbbae0a3 (webtiles) character file.

Game seed: 8141719552913849560

49950 Monsterracer the Black Belt (level 14, -5/111 HPs)
             Began as a Vampire Hunter on Jan 29, 2019.
             Was the Champion of Ru.
             Killed from afar by a hell hog (24 damage)
             ... with a fireball
             ... on level 2 of the Abyss.
             The game lasted 00:55:12 (18557 turns).

Monsterracer the Black Belt (Vampire Hunter)       Turns: 18557, Time: 00:55:12

Health: -5/111     AC: 18    Str: 13    XL:     14   Next: 17%
Magic:  21/21      EV: 21    Int: 16    God:    Ru [******]
Gold:   1014       SH: 10    Dex: 17    Spells: 13/13 levels left

rFire    . . .     SeeInvis +     - Unarmed
rCold    + . .     Gourm    .   z - +1 buckler {AC+3}
rNeg     + . .     Faith    .   A - +1 ring mail "Devear" {*Corrode rF+ MP+9 Dex+2}
rPois    .         Spirit   .   a - +2 helmet
rElec    +         Reflect  +   B - +0 cloak
rCorr    .         Harm     .   n - +2 pair of gloves
MR       +++..     Rnd*Rage +   f - +1 pair of boots
Stlth    +++++.....             o - +4 amulet of reflection
HPRegen  0.28/turn              s - +5 ring of evasion
MPRegen  0.17/turn              x - ring "Byqesow" {Ice rElec MR++ Stlth+}

@: exhausted, about to teleport, no potions, heavily drained
A: rotting body, fangs 3, see invisible, [berserk 3], low mp 1, screaming 1,
unbreathing, inability to drink while threatened, inability to use devices,
hated by all, no air magic, no conjurations magic, no hexes magic, missing an
eye
a: Bat Form, Draw Out Power, Power Leap, Apocalypse, Renounce Religion


You were on level 2 of the Abyss.
You worshipped Ru.
Ru was exalted by your worship.
You were not thirsty.

You visited 2 branches of the dungeon, and saw 16 of its levels.
You visited the Abyss 2 times.

You collected 1096 gold pieces.
You spent 82 gold pieces at shops.

Inventory:

Missiles
 d - 3 throwing nets (quivered) {!f}
Armour
 a - a +2 helmet (worn)
 f - a +1 pair of boots (worn)
 n - a +2 pair of gloves (worn)
 z - a +1 buckler of protection (worn)
 A - the +1 ring mail "Devear" (worn) {*Corrode rF+ MP+9 Dex+2}
   (You found it on level 3 of the Lair of Beasts)

   It affects your dexterity (+2).
   It protects you from fire.
   It affects your magic capacity (+9).
   It may corrode you when you take damage.
 B - a +0 cloak (worn)
Jewellery
 o - a +4 amulet of reflection (around neck)
 s - a +5 ring of evasion (left hand)
 x - the ring "Byqesow" (right hand) {Ice rElec MR++ Stlth+}
   (You found it on level 8 of the Dungeon)

   [ring of ice]

   It enhances your ice magic.
   It makes you vulnerable to fire.
   It protects you from cold.
   It insulates you from electricity.
   It affects your resistance to hostile enchantments.
   It makes you more stealthy.
Scrolls
 e - 3 scrolls of remove curse
 j - 4 scrolls of fear {!r}
 u - a scroll of identify
 w - 3 scrolls of teleportation {!r}
 y - 2 scrolls of magic mapping {!r}
Potions
 b - 6 potions of curing
 c - a potion of lignification
 g - a potion of berserk rage {!q}
 h - 2 potions of resistance
 i - a potion of might
 k - a potion of invisibility
 l - 3 potions of magic
 m - 5 potions of flight
 p - 4 potions of brilliance
 q - 9 potions of blood
 r - 2 potions of heal wounds
 t - 5 potions of haste
 v - 3 potions of mutation {!q}


   Skills:
 + Level 10.7(8.7) Fighting
 - Level 3.2(1.6) Throwing
 - Level 4.0(2.3) Armour
 + Level 11.9(9.8) Dodging
 + Level 12.5(10.4) Stealth
 - Level 4.1(2.4) Shields
 * Level 16.9(14.5) Unarmed Combat


You had 13 spell levels left.
You didn't know any spells.
Your spell library contained the following spells:

 Spells                   Type           Power        Failure   Level  Hunger
 Corpse Rot               Necr           N/A          67%         2    ###....
 Hydra Form               Tmut           #.........   100%        6    #######
 Corona                   Hex            Unusable     N/A         1    N/A
 Slow                     Hex            Unusable     N/A         2    N/A
 Inner Flame              Hex/Fire       Unusable     N/A         3    N/A
 Portal Projectile        Hex/Tloc       Unusable     N/A         3    N/A
 Stone Arrow              Conj/Erth      Unusable     N/A         3    N/A
 Cause Fear               Hex            Unusable     N/A         4    N/A
 Leda's Liquefaction      Hex/Erth       Unusable     N/A         4    N/A
 Summon Forest            Summ/Tloc      Unusable     N/A         5    N/A
 Summon Hydra             Summ           Unusable     N/A         7    N/A

Dungeon Overview and Level Annotations

Branches:
Dungeon (10/15)            Temple (0/1) D:7            Lair (6/6) D:10
  Swamp (0/4) Lair:2       Spider (0/4) Lair:2        Slime (0/5) Lair:6
    Orc: D:9-12

Altars:
Ashenzari
Fedhas
Gozag
Makhleb
Ru
Trog
Vehumet
Xom
The Shining One

Shops:
D:5 (   D:8 =   D:9 :

Annotations:
D:6 Prince Ribbit
D:7 Edmund
Lair:4 Sonja


Innate Abilities, Weirdness & Mutations

Your body is rotting away.
You thrive on raw meat.
You have razor-sharp teeth.
You have supernaturally acute eyesight. (SInv)
Your magical capacity is low. (-10% MP)
You occasionally shout uncontrollably at your foes.
You can survive without breathing.
You cannot drink potions while threatened.
You cannot study or use magical devices.
You are hated by all.
You cannot study or cast Air magic.
You cannot study or cast Conjurations magic.
You cannot study or cast Hexes magic.
You are missing an eye, making it more difficult to aim.
[You have an uncontrollable temper.]


Message History

You strike the helpless tentacled starspawn from behind!
You pummel the tentacled starspawn!!
The tentacled starspawn is almost destroyed.
You hit the small abomination but do no damage.
You block the small abomination's attack.
The iron imp shouts, "Embrace thy fall, thou twisted bat-fowling cross-patch!"
You punch the small abomination!
The small abomination is moderately damaged.
The small abomination is stunned by your will and fails to attack.
You punch the small abomination!
You bite the small abomination, but do no damage.
The small abomination is almost destroyed.
You can drink potions again.
You pummel the small abomination!!
You destroy the small abomination!
The tentacled starspawn is no longer blind.
The tentacled starspawn misses you. The tentacled starspawn engulfs you!!
You feel threatened and lose the ability to drink potions!
* * * LOW HITPOINT WARNING * * *
You take 17 damage, and have 12/111 hp.
Unknown command.
You hit the tentacled starspawn.
The tentacled starspawn is almost destroyed.
Tentacles burst from the starspawn's body! 2 starspawn tentacles come into view.
Unknown command.
You barely miss the tentacled starspawn.
You bite the tentacled starspawn.
The tentacled starspawn is almost destroyed.
You hit the tentacled starspawn but do no damage.
The tentacled starspawn is almost destroyed.
You redirect the tentacled starspawn's attack!
The tentacled starspawn bites the starspawn tentacle segment!!!
The starspawn tentacle segment is destroyed!
A lurking horror comes into view.
A tentacle flies out from the starspawn's body!
A starspawn tentacle comes into view.
A hell hog comes into view.
The starspawn tentacle misses you.
The starspawn tentacle closely misses you.
A starspawn tentacle comes into view.
A tentacled starspawn and a starcursed mass come into view.
A wretched star comes into view.
The starspawn tentacle closely misses you.
The wretched star glows turbulently.
The orb of energy reflects off an invisible shield around you!
The orb of energy misses the wretched star.
The orb of energy explodes!
A starcursed mass splits.
You hear an angry squeal. x3
Really read
w - 4 scrolls of teleportation {!r}?
As you read the scroll of teleportation {!r}, it crumbles to dust.
You feel strangely unstable.
You feel the power of the Abyss delaying your translocation!
A hell hog comes into view.
The wretched star pulses with an eldritch light!
You feel a little pissed off.
You feel angry.
A starcursed mass splits. x2
Unknown command.
Unknown command.
Unknown command.
An angel comes into view.
It is wielding a +1 whip of holy wrath and wearing a +1 robe of magic resistance.
The wretched star pulses with an eldritch light!
You feel extremely angry at everything!
A wretched star comes into view.
A starcursed mass splits.
Tentacles burst from the starspawn's body!
A deafening chorus of shrieks assaults your mind!
* * * LOW HITPOINT WARNING * * *
2 starspawn tentacles come into view.
You take 8 damage, and have 6/111 hp.
Unknown command.
Really read
j - 5 scrolls of fear {!r}?
As you read the scroll of fear {!r}, it crumbles to dust.
You assume a fearsome visage.
The wretched star is unaffected. x2
The starcursed mass is unaffected.
The angel is unaffected.
The tentacled starspawn is unaffected.
The starcursed mass is unaffected. x3
The starspawn tentacle is unaffected. x2
You feel less exhausted.
The wretched star begins to attack, but is stunned by your will!
Unknown command.
Unknown command.
You cannot drink potions in your current state!
You are restored by drawing out deep reserves of power within.
You feel drained.
The starcursed mass is stunned by your will and fails to attack.
A starcursed mass splits.
You regained 40 hp, and now have 47/111 hp.
MP restored: 21 Unknown command.
The wretched star glows turbulently.
The orb of energy hits you!
* * * LOW HITPOINT WARNING * * *
The orb of energy explodes!
A starcursed mass splits.
A deafening chorus of shrieks assaults your mind!
* * * LOW HITPOINT WARNING * * *
The angel shouts!
You hear an angry squeal.
You take 29 damage, and have 18/111 hp.
MASSIVE DAMAGE!!
The hell hog breathes fire at you.
The fireball explodes!
The fireball engulfs you!!
You die...

#.§ .#..#.##### .
. . ....
#..#...#.*.. .
#.....#...#..##.#
. . #.#.X..A.....
#. ...XXX#.*..#.
## . # ##X5.X.#.#
.#. . .
###...X*..#.#...#
# #..##..##.#...##
#. .
#.....#.#@..#.# .
. . ...().#.####
.. ##
....§###...###..##
......##.#.#.#. .#
###. #.#.....####
#.## ### ..h... ..
#..#.# #.. #.
..##§. .#.#


You could see a starcursed mass, an angel, a wretched star and a hell hog.

Vanquished Creatures
  A tentacled monstrosity (Abyss:1)
  2 tentacled starspawn (Abyss:1)
  A very ugly thing (Abyss:1)
  An eidolon (Abyss:1)
  Josephine (Lair:4)
  2 great orbs of eyes
  Erica (D:9)
  7 death yaks
  4 thrashing horrors (Abyss:1)
  A wretched star (Abyss:1)
  Pikel (D:7)
  A cyclops (D:9)
  5 elephants
  A worldbinder (Abyss:1)
  4 black mambas (Lair:6)
  A smoke demon (Abyss:1)
  9 spiny frogs
  An apocalypse crab (Abyss:1)
  An orange demon (Abyss:1)
  2 efreet
  A kobold demonologist (Abyss:1)
  2 rime drakes
  4 komodo dragons
  2 ancient zymes (Abyss:1)
  A troll (D:9)
  2 polar bears
  A hornet (Lair:6)
  6 blink frogs (Lair:3)
  3 raiju (Abyss:1)
  4 hippogriffs
  A ynoxinul (Abyss:1)
  Sigmund (D:7)
  11 small abominations
  3 redbacks (Lair:6)
  A vampire (D:9)
  5 wraiths (Lair:4)
  11 wyverns
  Grum (D:8)
  2 golden eyes (Abyss:1)
  9 yaks
  4 basilisks
  3 neqoxecs (Abyss:1)
  3 large abominations (Abyss:1)
  23 water moccasins
  7 porcupines
  Duvessa (D:7)
  A sky beast (D:7)
  2 black bears
  2 phantoms
  A slave (D:7)
  A swamp drake (Lair:6)
  3 ice beasts
  5 ogres
  6 wolves
  A necrophage (D:7)
  8 centaurs
  6 crocodiles
  15 bullfrogs
  Dowan (D:7)
  A water moccasin zombie (D:10)
  2 scorpions
  3 wights (D:10)
  4 electric eels (Lair:2)
  A howler monkey (D:5)
  A centaur zombie (D:9)
  3 crimson imps (D:6)
  4 hounds
  5 jellies
  2 quasits
  4 bullfrog skeletons
  11 orc wizards
  3 orc priests
  A centaur skeleton (D:7)
  Natasha (thrice) (D:2)
  Terence (D:2)
  An iguana (D:7)
  12 worker ants
  A hound zombie (D:9)
  2 hound skeletons
  Robin (D:2)
  8 gnolls
  A howler monkey skeleton (D:4)
  16 adders
  A shadow imp (D:6)
  A white imp (Abyss:1)
  An ufetubus (Abyss:2)
  2 oozes
  An adder zombie (D:2)
  2 adder skeletons
  3 worms
  2 dart slugs (D:1)
  8 leopard geckos
  42 orcs
  9 bats
  8 giant cockroaches
  13 hobgoblins
  4 jackals (D:3)
  10 kobolds
  7 quokkas
  2 ball pythons (D:3)
  3 frilled lizards
  A giant cockroach zombie (D:5)
  13 goblins
  A jackal skeleton (D:6)
  2 jackal zombies
  A quokka skeleton (D:4)
  A quokka zombie (D:7)
  5 rats
  6 plants (Lair:6)
  A starspawn tentacle (Abyss:1)
452 creatures vanquished.

Vanquished Creatures (others)
  A tentacled monstrosity (Abyss:2)
  A hydra (Lair:2)
  A wretched star (Abyss:1)
  A wolf spider (Lair:6)
  2 spiny frogs
  A blink frog (Lair:3)
  2 wyverns (Lair:6)
  A golden eye (Abyss:1)
  2 porcupines
  2 wolves
  18 fungi
  30 plants
  24 starspawn tentacles
86 creatures vanquished.

Grand Total: 538 creatures vanquished

Notes
Turn   | Place    | Note
-------+----------+-------------------------------------------
     0 | D:1      | Monsterracer the Vampire Hunter began the quest for the
                  | Orb.
     0 | D:1      | Reached XP level 1. HP: 16/16 MP: 1/1
    49 | D:1      | Reached skill level 1 in Unarmed Combat
    61 | D:1      | Reached XP level 2. HP: 18/22 MP: 2/2
   112 | D:1      | Reached skill level 2 in Unarmed Combat
   467 | D:1      | Reached skill level 3 in Unarmed Combat
   467 | D:1      | Reached XP level 3. HP: 27/27 MP: 3/3
   705 | D:2      | HP: 13/27 [worm (3)]
   828 | D:2      | Noticed Robin
   940 | D:2      | Reached XP level 4. HP: 28/33 MP: 4/4
  1054 | D:2      | Reached skill level 4 in Unarmed Combat
  1058 | D:2      | Killed Robin
  1144 | D:2      | Noticed Natasha
  1154 | D:2      | HP: 16/34 [Natasha (3)]
  1155 | D:2      | Killed Natasha
  1186 | D:2      | Noticed Natasha
  1194 | D:2      | HP: 16/34 [Natasha (5)]
  1199 | D:2      | HP: 9/34 [Natasha (1)]
  1203 | D:2      | Killed Natasha
  1203 | D:2      | Reached XP level 5. HP: 12/39 MP: 5/5
  1228 | D:2      | HP: 19/39 [kobold (2)]
  1338 | D:2      | Noticed Natasha
  1345 | D:2      | Killed Natasha
  1345 | D:2      | Reached skill level 5 in Unarmed Combat
  1536 | D:2      | Found a sacrificial altar of Ru.
  1604 | D:2      | Noticed Terence
  1622 | D:2      | Killed Terence
  1946 | D:3      | Reached XP level 6. HP: 37/47 MP: 6/6
  2079 | D:3      | Found a faded altar of an unknown god.
  2126 | D:3      | Became a worshipper of Ru the Awakened
  2137 | D:3      | Gained mutation: You are missing an eye, making it more
                  | difficult to aim. [Ru sacrifice]
  2137 | D:3      | Reached * piety under Ru
  2374 | D:3      | Found a sacrificial altar of Ru.
  2492 | D:3      | Reached skill level 6 in Unarmed Combat
  2872 | D:4      | Got a twisted hand axe
  2879 | D:4      | Identified the +5 hand axe of the Skies Above {venom, rPois
                  | rC+++ Int-2 Dex-2} (You found it on level 4 of the Dungeon)
  2901 | D:4      | Found a radiant altar of Vehumet.
  3081 | D:4      | HP: 17/48 [ogre/+0 giant club (25)]
  3082 | D:4      | Reached XP level 7. HP: 19/53 MP: 7/7
  3135 | D:4      | Reached skill level 1 in Shields
  3135 | D:4      | Reached skill level 7 in Unarmed Combat
  3282 | D:5      | Entered Level 5 of the Dungeon
  3680 | D:5      | Found Tavogolusu's Weapon Shop.
  3735 | D:5      | Found a shattered altar of Ashenzari.
  4194 | D:6      | Noticed Prince Ribbit
  4295 | D:6      | Reached XP level 8. HP: 59/61 MP: 8/8
  4349 | D:6      | HP: 23/61 [gnoll/+0 halberd (10)]
  4360 | D:6      | HP: 25/61 [acid (2)]
  4394 | D:6      | Reached skill level 8 in Unarmed Combat
  4399 | D:6      | HP: 19/61 [Prince Ribbit (13)]
  4612 | D:6      | Reached skill level 1 in Armour
  4642 | D:6      | HP: 30/61 [poisoned by an orc wizard]
  4647 | D:6      | HP: 29/61 [poisoned by an orc wizard]
  4652 | D:6      | HP: 29/61 [poisoned by an orc wizard]
  4659 | D:6      | HP: 30/61 [poisoned by an orc wizard]
  4667 | D:6      | Gained mutation: You cannot study or use magical devices.
                  | [Ru sacrifice]
  4667 | D:6      | Reached ** piety under Ru
  4667 | D:6      | Reached *** piety under Ru
  5168 | D:6      | Found a shimmering altar of Xom.
  5169 | D:6      | Found a burning altar of Makhleb.
  5432 | D:7      | Noticed Duvessa
  5432 | D:7      | Noticed Dowan
  5443 | D:7      | Reached skill level 5 in Fighting
  5459 | D:7      | Killed Duvessa
  5475 | D:7      | Killed Dowan
  5525 | D:7      | Reached skill level 9 in Unarmed Combat
  5556 | D:7      | Reached XP level 9. HP: 68/68 MP: 9/9
  5692 | D:7      | Found a staircase to the Ecumenical Temple.
  5850 | D:7      | Noticed Sigmund
  5888 | D:7      | Killed Sigmund
  5933 | D:7      | Noticed Edmund
  5939 | D:7      | HP: 31/68 [Edmund/+6 flail of holy wrath (21)]
  6071 | D:7      | Reached skill level 5 in Dodging
  6192 | D:7      | Noticed Pikel
  6217 | D:7      | Killed Pikel
  6242 | D:7      | Found a bloodstained altar of Trog.
  6477 | D:8      | Found Solotuemn's Jewellery Emporium.
  6480 | D:8      | Bought a +2 amulet of reflection for 82 gold pieces
  6516 | D:8      | Reached skill level 10 in Unarmed Combat
  6893 | D:8      | Gained mutation: You are hated by all. [Ru sacrifice]
  6893 | D:8      | Reached **** piety under Ru
  7150 | D:8      | Noticed Grum
  7177 | D:8      | HP: 30/69 [wolf[Grum] (9)]
  7182 | D:8      | Killed Grum
  7216 | D:8      | HP: 34/69 [orc/+0 short sword (3)]
  7224 | D:8      | HP: 30/69 [orc wizard/+0 dagger (2)]
  7478 | D:8      | Got a clouded bronze ring
  7531 | D:8      | Identified the ring "Byqesow" {Ice rElec MR++ Stlth+} (You
                  | found it on level 8 of the Dungeon)
  7554 | D:9      | Reached XP level 10. HP: 76/76 MP: 10/10
  7638 | D:9      | Noticed a cyclops
  7640 | D:9      | Found an opulent altar of Gozag.
  7641 | D:9      | Found a glowing golden altar of the Shining One.
  7659 | D:9      | Killed a cyclops
  7717 | D:9      | Found a blossoming altar of Fedhas.
  8045 | D:9      | Reached skill level 11 in Unarmed Combat
  8056 | D:9      | HP: 35/77 [vampire/vampiric draining (6)]
  8349 | D:9      | Found Vuwnid's Book Shoppe.
  8543 | D:9      | HP: 38/77 [wyvern (12)]
  8548 | D:9      | HP: 31/77 [wyvern (9)]
  8669 | D:9      | Noticed Erica
  8710 | D:9      | Killed Erica
  9004 | D:10     | Entered Level 10 of the Dungeon
  9133 | D:10     | Got a crude tin amulet
  9151 | D:10     | Identified the amulet of the Philosopher {RegenMP Dex+5
                  | Slay-4} (You found it on level 10 of the Dungeon)
  9178 | D:10     | Gained mutation: You cannot drink potions while threatened.
                  | [Ru sacrifice]
  9178 | D:10     | Reached ***** piety under Ru
  9283 | D:10     | Reached skill level 12 in Unarmed Combat
  9729 | D:10     | Found a staircase to the Lair.
 10147 | Lair:1   | Entered Level 1 of the Lair of Beasts
 10369 | Lair:1   | Reached XP level 11. HP: 79/84 MP: 11/11
 10924 | Lair:2   | Noticed an eight-headed hydra
 10934 | Lair:2   | Killed an eight-headed hydra
 11102 | Lair:2   | HP: 42/84 [poisoned by a spiny frog]
 11108 | Lair:2   | HP: 40/85 [poisoned by a spiny frog]
 11114 | Lair:2   | HP: 39/85 [poisoned by a spiny frog]
 11120 | Lair:2   | HP: 38/85 [poisoned by a spiny frog]
 11127 | Lair:2   | HP: 40/85 [poisoned by a spiny frog]
 11135 | Lair:2   | HP: 41/85 [poisoned by a spiny frog]
 11247 | Lair:2   | Found a staircase to the Swamp.
 11409 | Lair:2   | Gained mutation: You occasionally shout uncontrollably at
                  | your foes. [Ru sacrifice]
 11683 | Lair:2   | Found a hole to the Spider Nest.
 11785 | Lair:2   | HP: 41/86 [rime drake/flash freeze (11)]
 12012 | Lair:2   | Identified a scroll of acquirement
 12276 | Lair:3   | Reached skill level 13 in Unarmed Combat
 12279 | Lair:3   | HP: 42/86 [poisoned by a spiny frog]
 12284 | Lair:3   | HP: 33/86 [poisoned by a spiny frog]
 12289 | Lair:3   | HP: 27/86 [poisoned by a spiny frog]
 12292 | Lair:3   | HP: 8/86 [spiny frog (16)]
 12297 | Lair:3   | HP: 31/86 [poisoned by a spiny frog]
 12302 | Lair:3   | HP: 18/86 [poisoned by a spiny frog]
 12307 | Lair:3   | HP: 17/86 [poisoned by a spiny frog]
 12312 | Lair:3   | HP: 15/86 [poisoned by a spiny frog]
 12318 | Lair:3   | HP: 16/86 [poisoned by a spiny frog]
 12326 | Lair:2   | HP: 17/86 [poisoned by a spiny frog]
 13065 | Lair:3   | HP: 43/87 [komodo dragon (15)]
 13075 | Lair:3   | HP: 24/87 [komodo dragon (22)]
 13298 | Lair:3   | You fall through a shaft for 3 floors!
 13298 | Lair:6   | Entered Level 6 of the Lair of Beasts
 13414 | Lair:6   | Reached skill level 14 in Unarmed Combat
 13444 | Lair:6   | Reached XP level 12. HP: 51/94 MP: 12/12
 13447 | Lair:6   | HP: 45/94 [water moccasin (3)]
 13452 | Lair:6   | HP: 40/94 [poisoned by a water moccasin]
 13457 | Lair:6   | HP: 37/94 [poisoned by a water moccasin]
 13462 | Lair:6   | HP: 34/94 [poisoned by a water moccasin]
 13463 | Lair:6   | Paralysed by a hornet for 3 turns
 13465 | Lair:6   | HP: 13/94 [hornet (5)]
 13471 | Lair:6   | HP: 11/94 [poisoned by a water moccasin]
 13514 | Lair:6   | HP: 26/94 [wyvern (12)]
 13530 | Lair:6   | Gained mutation: You cannot study or cast Air magic. [Ru
                  | sacrifice]
 13530 | Lair:6   | Gained mutation: You cannot study or cast Hexes magic. [Ru
                  | sacrifice]
 13530 | Lair:6   | Gained mutation: You cannot study or cast Conjurations
                  | magic. [Ru sacrifice]
 13552 | Lair:6   | HP: 29/94 [wyvern (14)]
 13558 | Lair:6   | HP: 19/94 [wyvern (12)]
 13888 | Lair:6   | Reached skill level 5 in Stealth
 14114 | Lair:6   | HP: 43/95 [spiny frog (16)]
 14117 | Lair:6   | Reached skill level 10 in Dodging
 14119 | Lair:6   | HP: 37/95 [poisoned by a spiny frog]
 14124 | Lair:6   | HP: 32/95 [poisoned by a spiny frog]
 14129 | Lair:6   | HP: 29/95 [poisoned by a spiny frog]
 14134 | Lair:6   | HP: 27/95 [poisoned by a spiny frog]
 14139 | Lair:6   | HP: 26/95 [poisoned by a spiny frog]
 14144 | Lair:6   | HP: 26/95 [poisoned by a spiny frog]
 14151 | Lair:6   | HP: 27/95 [poisoned by a spiny frog]
 14159 | Lair:6   | HP: 29/95 [poisoned by a spiny frog]
 14588 | Lair:6   | Found a staircase to the Slime Pits.
 14588 | Lair:6   | Noticed a seven-headed hydra
 14590 | Lair:6   | Noticed a death yak
 14610 | Lair:6   | Noticed a death yak
 14611 | Lair:6   | Noticed a death yak
 14615 | Lair:6   | Noticed a death yak
 14616 | Lair:6   | Noticed a death yak
 14625 | Lair:6   | Killed a death yak
 14625 | Lair:6   | Reached skill level 15 in Unarmed Combat
 14881 | Lair:4   | Noticed Sonja
 15005 | Lair:3   | Got a jewelled ring mail
 15020 | Lair:3   | Identified the +1 ring mail "Devear" {*Corrode rF+ MP+9
                  | Dex+2} (You found it on level 3 of the Lair of Beasts)
 15489 | Lair:4   | Noticed a death yak
 15489 | Lair:4   | Noticed a death yak
 15489 | Lair:4   | Noticed a death yak
 15489 | Lair:4   | Noticed a death yak
 15489 | Lair:4   | Noticed a death yak
 15489 | Lair:4   | Noticed a death yak
 15526 | Lair:3   | Killed a death yak
 15526 | Lair:3   | HP: 40/97 [death yak (19)]
 15527 | Lair:3   | Killed a death yak
 15527 | Lair:3   | Reached XP level 13. HP: 42/103 MP: 13/13
 16014 | Lair:4   | Noticed Josephine
 16142 | Lair:4   | Reached skill level 10 in Fighting
 16154 | Lair:4   | Killed Josephine
 16171 | Lair:4   | Cast into level 1 of the Abyss (Sonja)
 16171 | Abyss:1  | Found a corrupted altar of Lugonu.
 16231 | Abyss:1  | Gained mutation: Your magical capacity is low. (-10% MP)
                  | [Ru sacrifice]
 16231 | Abyss:1  | Reached ****** piety under Ru
 16246 | Abyss:1  | Noticed an ancient lich
 16249 | Abyss:1  | Noticed a lorocyproca
 16265 | Abyss:1  | HP: 41/103 [ancient lich/bolt of acid (25)]
 16312 | Abyss:1  | HP: 44/103 [thrashing horror (12)]
 16324 | Abyss:1  | HP: 38/103 [thrashing horror (10)]
 16337 | Abyss:1  | HP: 38/103 [thrashing horror (4)]
 16356 | Abyss:1  | HP: 43/103 [apocalypse crab/blast of chaos (2)]
 16357 | Abyss:1  | Paralysed by you for 3 turns
 16421 | Abyss:1  | HP: 49/103 [small abomination (5)]
 16488 | Abyss:1  | Noticed a tentacled starspawn
 16550 | Abyss:1  | Reached skill level 10 in Stealth
 16699 | Abyss:1  | Killed a tentacled starspawn
 16699 | Abyss:1  | Reached skill level 16 in Unarmed Combat
 16961 | Abyss:1  | Noticed a blizzard demon
 17528 | Abyss:1  | Noticed an eidolon
 17557 | Abyss:1  | Noticed a tentacled monstrosity
 17571 | Abyss:1  | Killed an eidolon
 17577 | Abyss:1  | Killed a tentacled monstrosity
 17578 | Abyss:1  | Noticed a tentacled starspawn
 17645 | Abyss:1  | Killed a tentacled starspawn
 17677 | Abyss:1  | HP: 32/104 [wretched star/orb of energy (34)]
 17739 | Abyss:1  | Noticed a purple very ugly thing
 17748 | Abyss:1  | Noticed a bone dragon
 17764 | Abyss:1  | HP: 33/83 [purple very ugly thing (27)]
 17770 | Abyss:1  | Killed a purple very ugly thing
 17770 | Abyss:1  | Reached XP level 14. HP: 24/99 MP: 12/12
 17785 | Abyss:1  | HP: 28/99 [raiju/living lightning (3)]
 17794 | Abyss:1  | HP: 29/99 [raiju/living lightning (3)]
 17845 | Abyss:1  | HP: 45/99 [raiju (3)]
 17853 | Abyss:1  | HP: 31/99 [small abomination (11)]
 18031 | Lair:4   | Escaped the Abyss
 18394 | Lair:4   | Cast into level 2 of the Abyss (Sonja)
 18506 | Abyss:2  | Noticed a tentacled monstrosity
 18513 | Abyss:2  | HP: 53/111 [tentacled monstrosity (9)]
 18517 | Abyss:2  | Killed a tentacled monstrosity
 18518 | Abyss:2  | Noticed a tentacled starspawn
 18529 | Abyss:2  | HP: 43/111 [tentacled starspawn (11)]
 18535 | Abyss:2  | HP: 28/111 [tentacled starspawn (16)]
 18542 | Abyss:2  | HP: 12/111 [tentacled starspawn (18)]
 18549 | Abyss:2  | Noticed a starcursed mass
 18549 | Abyss:2  | Noticed a tentacled starspawn
 18552 | Abyss:2  | Noticed an angel
 18553 | Abyss:2  | HP: 6/111 [starcursed mass/accursed screaming (8)]
 18557 | Abyss:2  | Killed from afar by a hell hog

Vault maps used:
D:1:      minmay_arrival_three_doors, minmay_small_reverse_x
D:2:      serial_undead, serial_undead_b, serial_undead_b, serial_undead_d,
          serial_undead_e, nicolae_ru_sacrificial_ziggurat, uniq_robin,
          uniq_terence, uniq_natasha
D:3:      lemuel_coloured_pillars_altar, chequers_ecumenical_altar_simple,
          first_ration, minmay_misc_feat_roman
D:4:      nicolae_overflow_crystal_walls, st_stairs_7
D:5:      overflow_temple_1_default, serial_shops, shop
D:6:      grunt_temple_overflow_champion_of_chaos, uniq_prince_ribbit1
D:7:      kennysheep_little_box, minmay_temple_entry_large_hall,
          sigmund_edmund_badplayer, uniq_pikel, uniq_duvessa
D:8:      serial_shops, kennysheep_mini_moat, uniq_grum
D:9:      nicolae_overflow_hidden_temple, grunt_temple_overflow_open,
          serial_shops, shop_statue, uniq_erica
D:10:     david_lair_shrubbed
Lair:1:   grunt_megastairs_3
Lair:2:   minmay_swamp_entry_eels, spider_nest_entry_web_field
Lair:4:   uniq_josephine, uniq_sonja
Lair:5:   basic_altar, lemuel_fruit_fields
Lair:6:   hangedman_lair_tendril_chambers, guppyfry_lair_end_dragon, slime_dummy

Skill      XL: |  1  2  3  4  5  6  7  8  9 10 11 12 13 |
---------------+----------------------------------------+-----
Unarmed Combat | 1 3 4 5 6 7 9 10 12 14 15 16 | 16.9
Fighting       | 2 3 4 5 6 7 8 9 10 | 10.7
Shields        | 2 3 4 |  4.1
Dodging        | 3 4 6 7 9 10 11 | 11.9
Armour         | 2 3 4 |  4.0
Stealth        | 3 8 12 | 12.5
Throwing       | |  3.2

Action                   |  1- 3 |  4- 6 |  7- 9 | 10-12 | 13-15 || total
-------------------------+-------+-------+-------+-------+-------++-------
Melee: Short sword       |    15 |       |       |       |       ||    15
       Bite              |     8 |    43 |    54 |   115 |    65 ||   285
       Unarmed           |   126 |   425 |   703 |  1224 |   491 ||  2969
Invok: Sacrifice an Eye  |       |     1 |       |       |       ||     1
       Sacrifice Artific |       |       |     1 |       |       ||     1
       Power Leap        |       |       |     1 |     4 |     4 ||     9
       Sacrifice Love    |       |       |     1 |       |       ||     1
       Sacrifice Drink   |       |       |       |     1 |       ||     1
       Draw Out Power    |       |       |       |     2 |     1 ||     3
       Sacrifice Purity  |       |       |       |     1 |       ||     1
       Apocalypse        |       |       |       |     1 |     5 ||     6
       Sacrifice Arcana  |       |       |       |     1 |       ||     1
       Sacrifice Essence |       |       |       |       |     1 ||     1
  Use: Potion            |     9 |     9 |    20 |    42 |    17 ||    97
       Scroll            |     2 |    10 |     8 |    12 |     4 ||    36
 Stab: Sleeping          |       |     2 |     3 |    12 |     2 ||    19
       Invisible         |       |       |     4 |     3 |     2 ||     9
       Distracted        |       |       |     1 |     4 |     6 ||    11
       Petrifying        |       |       |       |     1 |       ||     1
       Paralysed         |       |       |       |     2 |    10 ||    12
Armor: Leather armour    |    14 |       |    24 |   107 |       ||   145
       Ring mail         |    67 |   136 |    72 |     4 |    96 ||   375
       Skin              |       |       |       |       |     5 ||     5
Dodge: Dodged            |   119 |   299 |   434 |   714 |   284 ||  1850
Block: Buckler           |    26 |    62 |    97 |   327 |   180 ||   692
       Reflection        |       |       |     1 |     5 |     4 ||    10

Table legend:
 A = Non-vault XP
 B = Vault XP
 C = Vault XP percentage of total XP
 D = Non-vault monster count
 E = Vault monster count
 F = Vault count percentage of total count
                 A         B        C        D         E       F
            +---------+---------+-------+---------+---------+-------
      Total |   58177 |   13181 |  18.5 |     382 |      73 |  16.0
            +---------+---------+-------+---------+---------+-------
        D:1 |      42 |       9 |  17.6 |      20 |       4 |  16.7
        D:2 |     166 |     111 |  40.1 |      28 |      14 |  33.3
        D:3 |     173 |       0 |   0.0 |      34 |       0 |   0.0
        D:4 |     434 |      31 |   6.7 |      12 |       1 |   7.7
        D:5 |     388 |       0 |   0.0 |      19 |       0 |   0.0
        D:6 |     835 |      48 |   5.4 |      28 |       1 |   3.4
        D:7 |    1142 |    1003 |  46.8 |      25 |       4 |  13.8
        D:8 |     750 |     394 |  34.4 |      18 |       3 |  14.3
        D:9 |    2522 |     897 |  26.2 |      32 |       1 |   3.0
       D:10 |    1059 |     327 |  23.6 |      23 |       1 |   4.2
     Lair:1 |     856 |     315 |  26.9 |       6 |       2 |  25.0
     Lair:2 |    3033 |     212 |   6.5 |      19 |       4 |  17.4
     Lair:3 |    8393 |       0 |   0.0 |      29 |       0 |   0.0
     Lair:4 |    3413 |    2135 |  38.5 |       6 |       6 |  50.0
     Lair:5 |    1940 |       0 |   0.0 |       9 |       0 |   0.0
     Lair:6 |    7302 |    7699 |  51.3 |      26 |      32 |  55.2
    Abyss:1 |   22629 |       0 |   0.0 |      43 |       0 |   0.0
    Abyss:2 |    3100 |       0 |   0.0 |       5 |       0 |   0.0
            +---------+---------+-------+---------+---------+-------

Vault maps used:
D:1:      minmay_arrival_three_doors, minmay_small_reverse_x
D:2:      serial_undead, serial_undead_b, serial_undead_b, serial_undead_d,
          serial_undead_e, nicolae_ru_sacrificial_ziggurat, uniq_robin,
          uniq_terence, uniq_natasha
D:3:      lemuel_coloured_pillars_altar, chequers_ecumenical_altar_simple,
          first_ration, minmay_misc_feat_roman
D:4:      nicolae_overflow_crystal_walls, st_stairs_7
D:5:      overflow_temple_1_default, serial_shops, shop
D:6:      grunt_temple_overflow_champion_of_chaos, uniq_prince_ribbit1
D:7:      kennysheep_little_box, minmay_temple_entry_large_hall,
          sigmund_edmund_badplayer, uniq_pikel, uniq_duvessa
D:8:      serial_shops, kennysheep_mini_moat, uniq_grum
D:9:      nicolae_overflow_hidden_temple, grunt_temple_overflow_open,
          serial_shops, shop_statue, uniq_erica
D:10:     david_lair_shrubbed
Lair:1:   grunt_megastairs_3
Lair:2:   minmay_swamp_entry_eels, spider_nest_entry_web_field
Lair:4:   uniq_josephine, uniq_sonja
Lair:5:   basic_altar, lemuel_fruit_fields
Lair:6:   hangedman_lair_tendril_chambers, guppyfry_lair_end_dragon, slime_dummy
